AoeStats
← Orfen

Hideout

509652589Analyzed
1v1 RM · 6d ago on Sep 27, 2026· 48m 15s· 2 players
Game mode
Random Map
Map size
Tiny (2 player)
Population
200
Speed
Normal
Resources
Standard
Victory
Conquest
Starting age
Dark Age
Ending age
Imperial Age
RankedLock teamsTeams togetherTeam positionsShared explorationLock speedFull tech treeHidden civsTurbo modeCheats
Victory
Defeat
🇺🇦 Franks · Ukraine
851
+14
🇦🇷 Vietnamese · Argentina
813
-14
Orfen
2:07 Loom
11:38 Feudal Age
17:45 Castle Age
16:36 Scale Barding Armor
17:08 Gold Mining
19:28 Forging
22:11 Fletching
23:21 Double-Bit Axe
25:06 Husbandry
31:36 Imperial Age
29:43 Wheelbarrow
29:32 Fervor
29:38 Bodkin Arrow
29:45 Stone Mining
31:54 Gold Shaft Mining
32:19 Chain Barding Armor
32:30 Ballistics
32:23 Masonry
33:43 Chemistry
34:05 Conscription
33:22 Cavalier
34:24 Masonry
38:53 Bow Saw
39:19 Sanctity
39:55 Hand Cart
40:14 Paladin
41:05 Town Watch
45:31 Plate Barding Armor
45:32 Iron Casting
45:06 Siege Engineers
46:39 Block Printing
maisimoron2
0:44 Loom
10:35 Feudal Age
16:11 Castle Age
15:33 Double-Bit Axe
17:10 Bow Saw
20:07 Pikeman
26:52 Scale Mail Armor
27:55 Wheelbarrow
30:25 Padded Archer Armor
33:49 Imperial Age
31:48 Fletching
33:53 Bloodlines
33:52 Scale Barding Armor
37:44 Chain Barding Armor
39:02 Devotion
39:23 Horse Collar
42:45 Hand Cart
44:45 Plate Barding Armor
44:21 Forging
Connection lost

Rejoining the realm…

Still unreachable

The connection could not be restored.

Session expired

The server has moved on; the page needs a fresh start.